 Dungeon Crawl Stone Soup version 0.28-a0-883-gc8d7bad45d (webtiles) character file.

Game seed: 14855607487397660014

64317 Anon1729 the Imperceptible (level 15, -9/96 HPs)
             Began as a Kobold Brigand on Nov 21, 2021.
             Was a High Priest of Wu Jian.
             Mangled by an orc warlord (13 damage)
             ... on level 1 of the Orcish Mines on Nov 22, 2021.
             The game lasted 01:20:46 (38752 turns).

Anon1729 the Imperceptible (Kobold Brigand)        Turns: 38752, Time: 01:20:47

Health: -9/96      AC: 10    Str:  9    XL:     15   Next: 53%
Magic:  15/15      EV: 24    Int: 17    God:    Wu Jian [*****.]
Gold:   1733       SH:  0    Dex: 20    Spells: 14/14 levels left

rFire   . . .      SeeInvis .   c - +3 short sword (venom)
rCold   + . .      Faith    .   (shield restricted)
rNeg    + . .      Spirit   .   T - +1 robe {rC+}
rPois   +          Reflect  .   (helmet restricted)
rElec   .          Harm     .   e - +2 cloak {rPois}
rCorr   +          Rampage  .   s - +2 pair of gloves
Will    +....                   (no boots)
Stlth   +++++++++.              (no amulet)
HPRegen 0.26/turn               y - ring of resist corrosion
MPRegen 0.14/turn               B - ring of positive energy

@: studying Armour
A: small, no large weapons, nightstalker 3, hooves 1, horns 1, clever 1, shaggy
fur 1
a: Renounce Religion, Wall Jump, Serpent's Lash, Heavenly Storm


You were on level 1 of the Orcish Mines.
You worshipped Wu Jian.
Wu Jian was extremely pleased with you.
You visited 4 branches of the dungeon, and saw 20 of its levels.
You also visited: Ossuary.

You collected 2338 gold pieces.
You spent 605 gold pieces at shops.

Inventory:

Hand Weapons
 c - a +3 short sword of venom (weapon)
 w - a +2 short sword of holy wrath
 G - a +3 short sword of freezing
 H - a +2 short sword of protection
Missiles
 d - 44 poisoned darts
 o - 6 curare-tipped darts
 u - 5 datura-tipped darts (quivered)
 U - 3 boomerangs of dispersal
Armour
 b - a +0 robe
 e - a +2 cloak of poison resistance (worn)
 n - a +2 cloak
 s - a +2 pair of gloves (worn)
 R - the +4 scale mail "Hacusiel" {Fly rC+ rN+ Regen+}
   (You bought it in a shop on level 1 of the Orcish Mines)

   rC:        It protects you from cold.
   rN:        It protects you from negative energy.
   Fly:       It grants you flight.
   Regen:     It increases your rate of health regeneration.
 T - a +1 robe of cold resistance (worn)
 W - the +3 pair of seven-league boots {Rampage+∞}
   (You found it on level 6 of the Lair of Beasts)

   Its wearer moves as far as possible in that direction when moving towards
   enemies.
Jewellery
 y - a ring of resist corrosion (left hand)
 B - a ring of positive energy (right hand)
 J - a ring of magical power
 S - a ring of ice
Wands
 k - a wand of polymorph (6)
 p - a wand of flame (5)
 v - a wand of iceblast (33)
 x - a wand of digging (6)
 X - a wand of paralysis (5)
 Y - a wand of acid (1)
Scrolls
 a - 2 scrolls of fog
 g - 6 scrolls of amnesia
 h - 5 scrolls of magic mapping
 i - 6 scrolls of teleportation
 l - 2 scrolls of noise
 m - 3 scrolls of enchant armour
 r - a scroll of identify
 D - a scroll of torment
 E - a scroll of holy word
 L - 3 scrolls of vulnerability
 M - 2 scrolls of enchant weapon
Potions
 f - a potion of magic
 j - 3 potions of might
 q - a potion of ambrosia
 t - 7 potions of flight
 z - a potion of invisibility
 A - 4 potions of haste
 C - 3 potions of mutation
 F - 2 potions of curing
 I - 3 potions of lignification
 K - a potion of cancellation
 N - 3 potions of attraction
 Q - a potion of resistance
 V - a potion of brilliance
Miscellaneous
 O - a box of beasts (inert)
 P - a piece from Xom's chessboard (14/15)


   Skills:
 + Level 12.0 Fighting
 * Level 19.3 Short Blades
 - Level 5.2 Throwing
 + Level 1.3 Armour
 + Level 12.8 Dodging
 * Level 21.2 Stealth


You had 14 spell levels left.
You didn't know any spells.
Your spell library contained the following spells:

 Spells                   Type           Power      Damage    Failure   Level
 Magic Dart               Conj           0%         1d3       24%         1
 Blink                    Tloc           0%         N/A       34%         2
 Call Imp                 Summ           0%         N/A       34%         2
 Ensorcelled Hibernation  Hex/Ice        0%         N/A       34%         2
 Mephitic Cloud           Conj/Pois/Air  0%         N/A       56%         3
 Stone Arrow              Conj/Erth      0%         3d7       56%         3
 Tukima's Dance           Hex            0%         N/A       56%         3
 Animate Armour           Summ/Erth      0%         N/A       93%         4
 Passage of Golubria      Tloc           0%         N/A       93%         4
 Blade Hands              Tmut           0%         N/A       100%        5
 Irradiate                Conj/Tmut      0%         3d13      100%        5
 Manifold Assault         Tloc           0%         N/A       100%        5
 Silence                  Hex/Air        0%         N/A       100%        5
 Yara's Violent Unravell  Hex/Tmut       0%         3d3       100%        5
 Dragon Form              Tmut           0%         N/A       100%        7
 Storm Form               Tmut/Air       0%         N/A       100%        7
 Lehudib's Crystal Spear  Conj/Erth      0%         10d2      100%        8


Dungeon Overview and Level Annotations

Branches:
Dungeon (11/15)            Temple (1/1) D:5            Lair (6/6) D:11
  Swamp (0/4) Lair:4       Spider (0/4) Lair:4        Slime (0/5) Lair:6
    Orc (2/2) D:10            Elf (0/3) Orc:2       Ossuary (visited)

Altars:
Ashenzari
Cheibriados
Dithmenos
Elyvilon
Fedhas
Gozag
Hepliaklqana
Kikubaaqudgha
Makhleb
Nemelex Xobeh
Okawaru
Qazlal
Ru
Sif Muna
Trog
Uskayaw
Vehumet
Wu Jian
Xom
Yredelemnul
Zin
The Shining One
Beogh
Jiyva

Shops:
D:8 !   Orc:1 [   Orc:2 [(*

Annotations:
D:4 Grinder
Orc:2 1 exclusion, Saint Roka


Innate Abilities, Weirdness & Mutations

You are small and have problems with some larger weapons.
You are completely attuned to the shadows.
You have large cloven feet.
You have a pair of small horns on your head.
Your mind is acute. (Int +2)
You are covered in fur. (AC +1)


Message History

The orc warlord blocks your attack.
The orc warlord is moderately wounded.
The orc warlord hits you with a +2 war axe of flaming!!
The orc warlord burns you.
You hit the orc warlord but do no damage.
The orc warlord looks as sick as possible!
Your headbutt misses the orc warlord.
The orc warlord is heavily wounded.
The orc warlord hits you but does no damage.
The orc warlord blocks your attack.
Your headbutt misses the orc warlord.
The orc warlord is heavily wounded.
You hit the orc warlord.
The orc warlord looks as sick as possible!
You headbutt the orc warlord, but do no damage.
The orc warlord is heavily wounded.
The orc warlord hits you with a +2 war axe of flaming!
The orc warlord burns you.
You barely miss the orc warlord.
The orc warlord is severely wounded.
The orc warlord blocks your attack.
Your kick misses the orc warlord.
The orc warlord is severely wounded.
The orc warlord hits you with a +2 war axe of flaming!!
The orc warlord burns you.
* * * LOW HITPOINT WARNING * * *
The orc warlord blocks your attack.
You kick the orc warlord, but do no damage.
The orc warlord is severely wounded.
You hit the orc warlord.
You kick the orc warlord, but do no damage.
The orc warlord is almost dead.
The orc warlord closely misses you.
Aiming: Corrosive Bolt
Press: ? - help, Shift-Dir - straight line, f - orc warlord
Aim: an orc warlord, wielding a +2 war axe of flaming, wearing a +3 plate armour of willpower and wearing a +0 kite shield (almost dead, poisoned, 86% to hit)
The bolt of acid hits the orc warlord.
The orc warlord is almost dead.
The orc warlord hits you with a +2 war axe of flaming!!
* * * LOW HITPOINT WARNING * * *
The orc warlord burns you!
You die...

##[..........#
#>[...[......###
####[............# ###
##..#......[)...######
##.####..........#)<[......##
#....#........##.#[)........#
##...........##.....[.......#
###.####....o#............##
### ##....@####..........#
#........##.........##
##................###
###.............##
#.#.........### ####.......##
#........# ####....## ##...#


You could see an orc warlord (poisoned).

Vanquished Creatures
  Rupert (Lair:5)
  An orc warlord (Orc:2)
  An ettin (Orc:2)
  Snorg (D:10)
  5 hydras
  Fannar (Lair:3)
  3 boulder beetles
  A two-headed ogre (D:11)
  Urug (Lair:1)
  Nergalle (Orc:2)
  Sonja (Orc:2)
  A swamp dragon (Lair:4)
  2 orc knights
  A wolf spider (Lair:6)
  A manticore (D:11)
  4 orc sorcerers
  11 elephants
  2 guardian serpents (Lair:6)
  12 cane toads
  A gargoyle (D:11)
  2 rime drakes
  A torpor snail (Lair:6)
  10 black mambas
  12 komodo dragons
  5 trolls
  3 polar bears
  6 jumping spiders (Lair:4)
  2 hornets (Lair:6)
  12 dream sheep (Lair:4)
  26 blink frogs
  6 redbacks
  22 yaks
  2 shadows
  2 wraiths
  2 basilisks
  9 wyverns
  4 fire bats (Lair:3)
  28 water moccasins
  40 orc warriors
  An ice beast (D:7)
  A sky beast (D:6)
  3 black bears
  9 ogres
  22 wolves
  3 centaurs
  4 phantoms (D:7)
  The ghost of vurker the Gusty, an amateur TeAE (D:3)
  11 bullfrogs
  9 kobold brigands
  4 gnoll sergeants (D:10)
  4 scorpions
  2 water moccasin skeletons
  A wyvern skeleton (D:7)
  6 killer bees (D:7)
  4 wights (D:9)
  3 electric eels (Lair:3)
  A bullfrog zombie (D:5)
  5 centaur zombies
  22 orc priests
  2 hounds
  Crazy Yiuf (D:5)
  A gnoll shaman (D:7)
  A bullfrog skeleton (D:5)
  2 centaur skeletons
  4 iguanas
  7 hell rats (Lair:2)
  Natasha (thrice) (D:3)
  32 orc wizards
  8 mummies (Ossuary)
  A hound skeleton (D:5)
  11 adders
  22 gnolls
  2 white imps
  An ufetubus (D:7)
  An adder skeleton (D:4)
  2 worms (D:2)
  4 dart slugs
  91 orcs
  5 endoplasms
  A giant cockroach (D:2)
  5 goblins
  8 hobgoblins
  5 quokkas
  7 ball pythons
  9 bats
  3 frilled lizards
  A gnoll zombie (Ossuary)
  2 goblin zombies (D:7)
  3 hobgoblin zombies (Ossuary)
  25 kobolds
  2 kobold zombies (Ossuary)
  2 orc zombies (Ossuary)
  6 rats
  A fire vortex (Lair:3)
643 creatures vanquished.

Vanquished Creatures (collateral kills)
  A two-headed ogre (Orc:2)
  A wyvern (Lair:6)
  A warg (Orc:2)
  An orc warrior (Orc:2)
  A wolf (Lair:6)
  2 orc priests (Orc:2)
  An orc wizard (Orc:2)
  2 gnolls (Orc:2)
  An orc (Orc:2)
11 creatures vanquished.

Vanquished Creatures (others)
  2 black mambas (Lair:6)
  A wyvern (Lair:6)
  An orc (Orc:2)
  63 fungi
  88 plants
155 creatures vanquished.

Grand Total: 809 creatures vanquished

Notes
Turn   | Place    | Note
-------+----------+-------------------------------------------
     0 | D:1      | Anon1729 the Kobold Brigand began the quest for the Orb.
     0 | D:1      | Reached XP level 1. HP: 12/12 MP: 1/1
   298 | D:1      | Reached XP level 2. HP: 18/18 MP: 2/2
   862 | D:1      | Found a faded altar of an unknown god.
   875 | D:1      | Reached XP level 3. HP: 22/22 MP: 3/3
  1153 | D:2      | Reached XP level 4. HP: 27/27 MP: 4/4
  1257 | D:2      | Reached skill level 6 in Stealth
  2215 | D:3      | Reached XP level 5. HP: 32/32 MP: 5/5
  2430 | D:3      | Found a runed translucent door.
  2432 | D:3      | Noticed vurker's ghost (amateur TeAE)
  2483 | D:3      | Noticed a centaur
  2498 | D:3      | Killed a centaur
  3011 | D:3      | Noticed Natasha
  3037 | D:3      | Reached XP level 6. HP: 33/37 MP: 6/6
  3048 | D:3      | Killed Natasha
  3111 | D:3      | Noticed Natasha
  3895 | D:3      | Killed Natasha
  4180 | D:3      | Noticed Natasha
  4182 | D:3      | Killed Natasha
  4183 | D:3      | Reached skill level 7 in Stealth
  4747 | D:4      | Reached skill level 5 in Short Blades
  4802 | D:4      | Noticed Grinder
  4952 | D:3      | Killed vurker's ghost
  4953 | D:3      | Reached XP level 7. HP: 24/41 MP: 7/7
  5821 | D:4      | Paralysed by Grinder for 5 turns
  6305 | D:5      | Entered Level 5 of the Dungeon
  6337 | D:5      | Found a staircase to the Ecumenical Temple.
  6489 | D:5      | Reached skill level 8 in Stealth
  6587 | D:5      | Found a runed translucent door.
  6590 | D:5      | Noticed Crazy Yiuf
  6666 | D:5      | Reached XP level 8. HP: 21/48 MP: 8/8
  7524 | D:5      | Reached skill level 9 in Stealth
  7630 | D:5      | Killed Crazy Yiuf
  7913 | Temple   | Entered the Ecumenical Temple
  8433 | Temple   | Became a worshipper of the Wu Jian Council
  9260 | D:6      | Reached XP level 9. HP: 38/53 MP: 9/9
  9880 | D:6      | Reached skill level 5 in Fighting
  9880 | D:6      | Reached skill level 5 in Dodging
 10118 | D:6      | Reached skill level 5 in Throwing
 10118 | D:6      | Reached skill level 10 in Stealth
 10715 | D:6      | You fall into a shaft and drop 2 floors!
 11176 | D:9      | Reached * piety under Wu Jian
 11623 | D:9      | Reached skill level 11 in Stealth
 11718 | D:8      | Found Udoemiqu's Distillery.
 12298 | D:8      | Reached XP level 10. HP: 29/60 MP: 10/10
 12495 | D:8      | Bought a potion of heal wounds for 70 gold pieces
 12495 | D:8      | Bought a potion of haste for 140 gold pieces
 12545 | D:8      | You fall into a shaft and drop 3 floors!
 12614 | D:11     | Noticed a four-headed hydra
 12616 | D:11     | Killed a four-headed hydra
 12617 | D:11     | Reached skill level 10 in Short Blades
 12617 | D:11     | Reached skill level 12 in Stealth
 12696 | D:11     | Found a staircase to the Lair.
 12803 | D:11     | Noticed a komodo dragon
 12805 | D:11     | Killed a komodo dragon
 12898 | D:11     | Noticed a gargoyle
 12900 | D:11     | Killed a gargoyle
 12920 | D:11     | Noticed a two-headed ogre
 12952 | D:10     | Entered Level 10 of the Dungeon
 12965 | D:10     | Found a staircase to the Orcish Mines.
 13293 | D:10     | HP: 3/61 [wraith (12)]
 13294 | D:10     | Reached ** piety under Wu Jian
 13874 | D:10     | Reached skill level 13 in Stealth
 13988 | D:10     | Noticed Snorg
 13994 | D:10     | Killed Snorg
 13995 | D:10     | Reached XP level 11. HP: 67/67 MP: 11/11
 14849 | D:10     | Reached skill level 14 in Stealth
 16027 | D:9      | Gained mutation: You have large cloven feet. [potion of
                  | mutation]
 16027 | D:9      | Gained mutation: You have a pair of small horns on your
                  | head. [potion of mutation]
 16027 | D:9      | Gained mutation: You are covered in fur. (AC +1) [potion of
                  | mutation]
 16027 | D:9      | Gained mutation: Your mind is acute. (Int +2) [potion of
                  | mutation]
 16432 | D:8      | Reached *** piety under Wu Jian
 16607 | D:8      | Found a white marble altar of Elyvilon.
 16791 | D:7      | Found a transporter.
 16924 | D:7      | Found a sand-covered staircase.
 16930 | Ossuary  | Entered an ossuary
 17669 | D:7      | Reached **** piety under Wu Jian
 18492 | D:7      | Found a transporter.
 18943 | D:11     | Killed a two-headed ogre
 19188 | D:11     | Noticed a manticore
 19190 | D:11     | Killed a manticore
 19191 | D:11     | Reached skill level 15 in Stealth
 19279 | Lair:1   | Entered Level 1 of the Lair of Beasts
 19403 | Lair:1   | Reached XP level 12. HP: 74/74 MP: 12/12
 19434 | Lair:1   | Noticed Urug
 19498 | Lair:1   | Killed Urug
 20541 | Lair:2   | Noticed a six-headed hydra
 20546 | Lair:2   | Killed a six-headed hydra
 20547 | Lair:2   | Reached skill level 16 in Stealth
 22116 | Lair:3   | Identified the +2 flail "Gior Zaasy" {spect, Str+4}
 22283 | Lair:3   | Found an iron altar of Okawaru.
 22411 | Lair:3   | Noticed Fannar
 22414 | Lair:3   | Killed Fannar
 22415 | Lair:3   | Reached skill level 15 in Short Blades
 22548 | Lair:3   | Reached XP level 13. HP: 46/80 MP: 13/13
 22794 | Lair:3   | Reached skill level 17 in Stealth
 22932 | Lair:4   | Found a staircase to the Swamp.
 22936 | Lair:4   | Reached skill level 10 in Dodging
 23601 | Lair:4   | Noticed a boulder beetle
 23616 | Lair:4   | Killed a boulder beetle
 23616 | Lair:4   | Reached ***** piety under Wu Jian
 24165 | Lair:4   | Noticed a five-headed hydra
 24168 | Lair:4   | Killed a five-headed hydra
 24169 | Lair:4   | Reached skill level 10 in Fighting
 24169 | Lair:4   | Reached skill level 18 in Stealth
 24284 | Lair:4   | Found a hole to the Spider Nest.
 25767 | Lair:5   | Noticed a five-headed hydra
 25770 | Lair:5   | Killed a five-headed hydra
 26091 | Lair:5   | Reached XP level 14. HP: 59/88 MP: 14/14
 26099 | Lair:5   | HP: 1/88 [cane toad (19)]
 27207 | Lair:6   | Entered Level 6 of the Lair of Beasts
 27253 | Lair:6   | Reached skill level 19 in Stealth
 28403 | Lair:6   | Noticed Rupert
 28856 | Lair:5   | Killed Rupert
 29367 | Lair:6   | Found a viscous altar of Jiyva.
 29367 | Lair:6   | Found a staircase to the Slime Pits.
 29478 | Lair:6   | Reached skill level 20 in Stealth
 29749 | Lair:6   | Found the +3 pair of seven-league boots {Rampage+∞}
 30975 | Lair:6   | Reached XP level 15. HP: 69/95 MP: 15/15
 31725 | Orc:1    | Entered Level 1 of the Orcish Mines
 32447 | Orc:2    | Entered Level 2 of the Orcish Mines
 32535 | Orc:2    | Paralysed by an orc sorcerer for 2 turns
 32822 | Orc:2    | Paralysed by an orc sorcerer for 7 turns
 32857 | Orc:2    | Noticed Sonja
 32860 | Orc:2    | Noticed an orc warlord
 32860 | Orc:2    | HP: 3/93 [orc priest/divine providence (11)]
 32951 | Orc:2    | Killed Sonja
 33197 | Orc:2    | Noticed Saint Roka
 34277 | Orc:2    | Found Hihoisi's General Store.
 34282 | Orc:2    | Bought a scroll of teleportation for 48 gold pieces
 34282 | Orc:2    | Bought a scroll of enchant weapon for 120 gold pieces
 34282 | Orc:2    | Bought a scroll of magic mapping for 56 gold pieces
 34374 | Orc:2    | Reached skill level 21 in Stealth
 34567 | Orc:1    | Noticed Nergalle
 34753 | Orc:2    | Killed Nergalle
 34997 | Orc:1    | Reached ****** piety under Wu Jian
 35109 | Orc:1    | Found Ydgheiq's Antique Armour Emporium.
 35114 | Orc:1    | Bought an encrusted scale mail for 171 gold pieces
 35114 | Orc:1    | Identified the +4 scale mail "Hacusiel" {Fly rC+ rN+
                  | Regen+} (You bought it in a shop on level 1 of the Orcish
                  | Mines)
 35287 | Orc:2    | Killed an orc warlord
 35688 | Orc:2    | Reached skill level 1 in Armour
 36500 | Orc:2    | Found a staircase to the Elven Halls.
 36623 | Orc:2    | Noticed an orc warlord
 36643 | Orc:2    | Paralysed by an orc sorcerer for 2 turns
 36662 | Orc:2    | Paralysed by an orc sorcerer for 2 turns
 37063 | Orc:2    | Found Orah Uzuh's Antique Armour Emporium.
 37064 | Orc:2    | Found Aduriwi's Antique Weapon Shoppe.
 38752 | Orc:1    | HP: 4/96 [orc warlord (32)]
 38752 | Orc:1    | Mangled by an orc warlord

Illustrated notes

Levels and vault maps discovered:
D:1:      lemuel_arrival_muddy, layout_loops_ring,
          ebering_ecumenical_altar_abandoned, dk_noncrumbling_3,
          chequers_decorated_corner, minmay_crystal_water,
          hangedman_abyss_or_decor_lesser_grid
D:2:      layout_loops_ring
D:3:      layout_basic, gammafunk_ghost_grave, uniq_natasha
D:4:      layout_loops_ring, uniq_grinder
D:5:      layout_gridville, minmay_temple_entry_sparse_star,
          uniq_crazy_yiuf_cottage
D:6:      layout_cave_pools, minmay_manual_mess
D:7:      gammafunk_beogh_shrine, layout_basic, enter_ossuary_4
D:8:      layout_loops_ring, kennysheep_mini, serial_shops, shop
D:9:      layout_big_octagon, evilmike_minifort
D:10:     layout_stronghold, kennysheep_orc_monster_closet_entryway,
          kennysheep_flooded_box, uniq_snorg
D:11:     layout_roguey, lair_entry_dummy
Temple:   mainiacjoe_temple_circle_huts
Lair:1:   layout_roguey, uniq_urug
Lair:2:   layout_chaotic_city
Lair:3:   layout_gridlike, basic_altar, infiniplex_staircase_pool, uniq_fannar
Lair:4:   layout_loops_ring, minmay_swamp_entry_reptiles,
          nicolae_spider_entry_tight_spaces, serial_rivers,
          chequers_serial_rivers_micro_e, chequers_serial_rivers_micro_c,
          chequers_serial_rivers_large_a, chequers_serial_rivers_large_b,
          chequers_serial_rivers_micro_b, chequers_serial_rivers_small_a
Lair:5:   layout_cave_pods
Lair:6:   hangedman_lair_tendril_chambers, layout_long_grid, slime_altar_1,
          chequers_serial_rivers_micro_b,
          hellmonk_guarded_unrand_seven_league_boots, uniq_rupert
Orc:1:    layout_diamond_mine, basic_altar, serial_shops,
          nicolae_shop_statue_plus, uniq_nergalle
Orc:2:    grunt_orc_community_town_hall, layout_caves,
          grunt_orc_community_big_house_2, grunt_orc_community_big_house_1,
          grunt_orc_community_house_3, grunt_orc_community_house_1,
          grunt_orc_community_house_3, grunt_orc_community_house_1,
          grunt_orc_community_house_3, special_room, uniq_saint_roka, uniq_sonja

Skill      XL: |  1  2  3  4  5  6  7  8  9 10 11 12 13 14 15 |
---------------+----------------------------------------------+-----
Short Blades   | 3 4 5 6 7 9 11 13 15 16 18 19 | 19.3
Dodging        | 2 3 4 6 7 8 9 11 12 | 12.8
Stealth        | 6 7 8 9 11 13 15 16 18 20 21 | 21.2
Fighting       | 3 4 5 7 8 9 10 11 12 | 12.0
Throwing       | 3 4 5 |  5.2
Armour         | 1 |  1.3

Action                   |  1- 3 |  4- 6 |  7- 9 | 10-12 | 13-15 || total
-------------------------+-------+-------+-------+-------+-------++-------
Melee: Dagger            |    58 |   199 |   525 |    78 |       ||   860
       Short sword       |       |       |       |   801 |  1721 ||  2522
       Kick              |       |       |       |   140 |   529 ||   669
       Headbutt          |       |       |       |    80 |   329 ||   409
Throw: Dart              |       |     3 |    53 |     7 |       ||    63
       Throwing net      |       |       |     2 |       |       ||     2
Invok: Lunge             |       |       |    22 |    70 |   109 ||   201
       Whirlwind         |       |       |     7 |    71 |   222 ||   300
       Serpent's Lash    |       |       |       |       |    15 ||    15
 Abil: Wall Jump         |       |       |       |       |     2 ||     2
Evoke: Wand              |       |     2 |     6 |    32 |    22 ||    62
       Piece from Xom's  |       |       |       |     1 |     3 ||     4
       Box of beasts     |       |       |       |     1 |     2 ||     3
  Use: Potion            |       |       |     1 |     8 |     9 ||    18
       Scroll            |       |       |     6 |     5 |    13 ||    24
 Stab: Sleeping          |    15 |    25 |    24 |    62 |    47 ||   173
       Distracted        |       |     2 |     2 |     2 |    22 ||    28
       Invisible         |       |       |       |       |     6 ||     6
Armor: Robe              |     7 |    19 |   122 |    98 |   191 ||   437
Dodge: Dodged            |    35 |   109 |   393 |   448 |  1032 ||  2017

Table legend: (Time is in decaauts)
 A = Elapsed time spent in this place.
 B = Non-inter-level travel time spent in this place.
 C = Inter-level travel time spent in this place.
 D = Time resting spent in this place.
 E = Time spent auto-exploring this place.
 F = Levels seen in this place.
 G = Mean time per level.
                   A        B        C        D        E       F      G
               +--------+--------+--------+--------+--------+-----+--------+
         Total |  37866 |  36632 |   1234 |  11124 |  19285 |  21 | 1803.1 |
       Dungeon |  20075 |  19306 |    769 |   5772 |  10588 |  11 | 1825.0 |
        Temple |    538 |    497 |     41 |      0 |    474 |   1 |  538.0 |
          Lair |  12185 |  11865 |    320 |   3603 |   6526 |   6 | 2030.8 |
  Orcish Mines |   4831 |   4728 |    103 |   1748 |   1528 |   2 | 2415.5 |
       Ossuary |    233 |    233 |      0 |      0 |    169 |   1 |  233.0 |
               +--------+--------+--------+--------+--------+-----+--------+

Top non-repeatable levels by time:
    D:10: 4790 daAuts
  Lair:6: 3027 daAuts
  Lair:5: 2991 daAuts
   Orc:2: 2587 daAuts
     D:5: 2511 daAuts
   Orc:1: 2244 daAuts
  Lair:4: 2046 daAuts
     D:3: 1896 daAuts
     D:2: 1877 daAuts
  Lair:3: 1875 daAuts
     D:9: 1632 daAuts
     D:7: 1530 daAuts
     D:4: 1515 daAuts
     D:1: 1235 daAuts
  Lair:2: 1205 daAuts
